 Dungeon Crawl Stone Soup version 0.32-a0-975-g85d4e5bfdb (webtiles) character file.

Game seed: 11207088162475894301

62 trashops the Chopper (level 3, 0/33 HPs)
             Began as a Mountain Dwarf Fighter on Apr 19, 2024.
             Slain by an orc
             ... wielding a +2 falchion of electrocution
              (4 damage)
             ... on level 3 of the Dungeon.
             The game lasted 00:03:49 (1629 turns).

trashops the Chopper (Mountain Dwarf Fighter)       Turns: 1629, Time: 00:03:50

Health: 0/33       AC:  7    Str: 20    XL:     3   Next: 85%
Magic:  3/3        EV:  5    Int:  8    God:
Gold:   157        SH: 11    Dex:  9    Spells: 2/2 levels left

rFire   . . .        a - +1 war axe
rCold   . . .        f - +0 tower shield
rNeg    . . .        b - +0 scale mail
rPois   .            (no helmet)
rElec   .            (no cloak)
rCorr   .            (no gloves)
SInv    .            (no boots)
Will    .....        (no amulet) Stlth
                     (no ring)
HPRegen 0.25/turn    (no ring)
MPRegen 0.08/turn

%: no passive effects
@: hasted, very quick
A: runic magic, artefact enchanting
a: Convert to Beogh


You were on level 3 of the Dungeon.
You visited 1 branch of the dungeon, and saw 3 of its levels.

You collected 157 gold pieces.

Inventory:

Hand Weapons
 a - a +1 war axe (weapon)
Armour
 b - a +0 scale mail (worn)
 f - a +0 tower shield (worn)
Jewellery
 k - a +4 ring of slaying
Scrolls
 c - a scroll of amnesia
 i - a scroll of identify
Potions
 d - a potion of might
 e - 2 potions of enlightenment
 g - a potion of magic


   Skills:
 + Level 3.7 Fighting
 * Level 4.0 Axes
 + Level 3.7 Armour
 + Level 3.6 Shields


You had 2 spell levels left.
You didn't know any spells.
Your spell library was empty.

Dungeon Overview and Level Annotations

Branches:
Dungeon (3/15)

Altars:


Innate Abilities, Weirdness & Mutations

Your spellcasting is much less encumbered by armour.
You can use scrolls of enchantment on lesser artefacts.


Message History

You closely miss the bat.
The bat is severely wounded.
You block the bat's attack. The bat hits you but does no damage.
You closely miss the bat.
The bat is moderately wounded.
The bat hits you but does no damage. x2
You slash the bat!
You kill the bat!
No target in view! 2 orcs come into view.
An orc is wielding a +2 falchion of electrocution.
Found a cloak.
The orc shouts! x2
An orc comes into view. It is wielding a +2 war axe of flaming.
An orc priest comes into view. It is wielding a +0 war axe.
The orc priest shouts!
The orc shouts!
An endoplasm comes into view.
An orc comes into view. It is wielding a +2 mace of protection.
Unknown command.
You block the orc's attack.
You barely miss the orc. The orc hits you but does no damage. x2
You hit the orc.
The orc is heavily wounded.
The orc priest mumbles some strange prayers to Beogh against you.
Beogh smites you! You block the orc's attack.
The orc priest calls down the wrath of Beogh upon you.
Beogh smites you!
* * * LOW HITPOINT WARNING * * *
You block the orc's attack.
The orc priest threatens, "Beogh's wrath is as vast as their mercy.
Make your choice!" (press Y on the ability menu to convert to Beogh) It was a potion of magic.
Magic courses through your body.
The orc hits you with a +2 falchion of electrocution.
* * * LOW HITPOINT WARNING * * *
It was a potion of haste.
You feel yourself speed up. You block the orc's attack.
You closely miss the orc.
The orc is heavily wounded.
The orc hits you with a +2 falchion of electrocution.
You die...

.........#.# ........... .
...........
...##.......[...
...............#
...............#
....#........oJ############
>............ooo@.........#
....####################.##
...................# #.#
...........#######.# #.#
###..#####.# #.# #.# ##..##
#.# #.# #.# ##..###†# #.#
#.# ######.....# #.# #[#
.[.........## #.# #.#


You could see an orc priest, 3 orcs and an endoplasm.

Vanquished Creatures
  2 adders
  3 dart slugs (D:1)
  3 endoplasms (D:1)
  4 giant cockroaches
  3 goblins (D:2)
  5 hobgoblins
  A kobold (D:2)
  2 quokkas
  A ball python (D:2)
  7 bats
  A frilled lizard (D:1)
  5 rats
37 creatures vanquished.

Notes
Turn   | Place    | Note
-------+----------+-------------------------------------------
     0 | D:1      | trashops the Mountain Dwarf Fighter began the quest for the
                  | Orb.
     0 | D:1      | Reached XP level 1. HP: 19/19 MP: 1/1
   216 | D:1      | Reached XP level 2. HP: 22/26 MP: 2/2
   461 | D:1      | Reached skill level 3 in Axes
   514 | D:1      | Found a faded altar of an unknown god.
   576 | D:1      | Reached XP level 3. HP: 31/31 MP: 3/3
  1535 | D:3      | Reached skill level 4 in Axes
  1629 | D:3      | Slain by an orc

Illustrated notes

Levels and vault maps discovered:
D:1:      dpeg_arrival_refuge, layout_basic, ebering_ecumenical_altar_mist
D:2:      layout_basic
D:3:      wander_river, layout_basic, solitary_fountain, uniq_jessica

Skill      XL: |  1  2  3 |
---------------+----------+-----
Axes           | 3 4 |  4.0
Fighting       | |  3.7
Armour         | |  3.7
Shields        | |  3.6

Action                     || total
---------------------------++-------
  Melee: War axe           ||   108
    Use: Scroll            ||     5
         Potion            ||     2
 Armour: Scale mail        ||    74
  Dodge: Dodged            ||    37
  Block: Buckler           ||    10
         Tower shield      ||    53

Table legend: (Time is in decaauts)
 A = Elapsed time spent in this place.
 B = Non-inter-level travel time spent in this place.
 C = Inter-level travel time spent in this place.
 D = Time resting spent in this place.
 E = Time spent auto-exploring this place.
 F = Levels seen in this place.
 G = Mean time per level.
                   A        B        C        D        E       F      G
               +--------+--------+--------+--------+--------+-----+--------+
         Total |   1684 |   1663 |     21 |      0 |   1328 |   3 |  561.3 |
       Dungeon |   1684 |   1663 |     21 |      0 |   1328 |   3 |  561.3 |
               +--------+--------+--------+--------+--------+-----+--------+

Top non-repeatable levels by time:
     D:1: 842 daAuts
     D:2: 696 daAuts
     D:3: 146 daAuts
